[Event "*** SCC Grand Prix: Titled Tuesday Blitz"]
[Site "Chess.com"]
[Date "2020.07.07"]
[Round "1"]
[White "Rodchenkov_Vitalij"]
[Black "Jungle_Jaguar"]
[Result "1-0"]
[WhiteElo "2368"]
[BlackElo "2660"]
[TimeControl "180+1"]
[EndTime "10:07:38 PDT"]
[Termination "Rodchenkov_Vitalij won by checkmate"]

1. d4 Nf6 2. Nf3 d5 3. c4 e6 4.
Nc3 c6 5. e3 Nbd7 6. b3 Bd6 7.
Bb2 O-O 8. Bd3 e5 9. cxd5 cxd5 10.
dxe5 Nxe5 11. Nxe5 Bxe5 12. O-O Bg4 13. Qc2 Rc8 14.
h3 Bh5 15. Rac1 d4 16. exd4 Qxd4 17. Qb1 Qf4 18. g3 Qh6 19. Ne4 Bf3 20. Nxf6+ Bxf6 21. Bf5 Rxc1 22. Rxc1 Rd8 23. Bxf6 Qxf6 24. Bxh7+ Kh8 25.
Be4 g6 26. Re1 Rd2 27. Bxf3 Qxf3 28. Rf1 Kh7 29. Qa1 Qf5 30. h4 Qa5 31. Qf6 Qc7 32.
Qg5 Qd7 33. h5 gxh5 34. Qxh5+ Kg7 35. Qg5+ Kf8 36. Re1 Rxa2 37. Qh6+ Kg8 38. Re5 Qd1+ 39. Kg2 Rxf2+ 40. Kxf2 Qc2+ 41. Re2 Qc5+ 42. Qe3 Qf5+ 43. Qf3 Qc5+ 44. Kg2 Qa5 45. Qg4+ Kf8 46. Qh4 Qd5+ 47.
Kh2 Qxb3 48. Qh8# 1-0

[Event "*** SCC Grand Prix: Titled Tuesday Blitz"]
[Site "Chess.com"]
[Date "2020.07.07"]
[Round "1"]
[White "Alopekos"]
[Black "superchess02"]
[Result "0-1"]
[WhiteElo "2335"]
[BlackElo "2660"]
[TimeControl "180+1"]
[EndTime "10:07:38 PDT"]
[Termination "superchess02 won on time"]

1. e4 e5 2. Nf3 Nc6 3. Bb5 a6 4. Ba4 Nf6 5. O-O Be7 6. Re1 b5 7. Bb3 d6 8. a4 Bb7 9. axb5 axb5 10. Rxa8 Qxa8 11. Nc3 b4 12. Nd5 Nxd5 13. exd5 Na5 14. Ba4+ Kf8 15. d4 e4 16. Rxe4 Bxd5 17. Re1 Bxf3 18.
gxf3 c6 19. Qe2 Qd8 20. Bd2 c5 21. Qa6 h5 22. c3 d5 23. cxb4 Nc4 24. Bg5 f6 25.
Bf4 cxd4 26. b5 g5 27. Bc1 Bd6 28. Qc6 Kg7 29. b6 Nxb6 30. Bb3 Rf8 31. Bd2 Qc7 32.
Qxc7+ Bxc7 33. Re7+ Rf7 34. Re8 Nc4 35. Bb4 d3 36.
Rc8 Rd7 37. Kf1 Bxh2 38. Ba4 Ra7 0-1

[Event "*** SCC Grand Prix: Titled Tuesday Blitz"]
[Site "Chess.com"]
[Date "2020.07.07"]
[Round "1"]
[White "kirillshevchenko"]
[Black "Kopytkin"]
[Result "1-0"]
[WhiteElo "2939"]
[BlackElo "2452"]
[TimeControl "180+1"]
[EndTime "10:07:39 PDT"]
[Termination "kirillshevchenko won on time"]

1. e4 Nf6 2. e5 Nd5 3. d4 d6 4. c4 Nb6 5. exd6 cxd6 6. Nc3 g6 7. Be3 Bg7 8. Rc1 O-O 9. b3 Bf5 10. Nf3 d5 11. c5 Nc8 12. Be2 Nc6 13. O-O Bg4 14. a3 e6 15. b4 a6 16. h3 Bxf3 17.
Bxf3 N8e7 18. b5 axb5 19. Nxb5 Nf5 20. Qd3 Ra4 21. Bd1 Ra8 22. Bb3 Qh4 23. Rcd1 Rad8 24. Qd2 Nxe3 25. fxe3 Ra8 26. Qf2 Qxf2+ 27. Kxf2 Bh6 28.
Rb1 Rfb8 29. a4 Bf8 30. Rfc1 Ra5 31. Bd1 f5 32. g3 Kf7 33. Nc3 Nd8 34. Rb6 Rc8 35. Rcb1 Ke8 36. g4 Rc6 37. gxf5 gxf5 38. R6b5 Ra7 39. Bh5+ Kd7 40. Rg1 Rca6 41. Rg8 Be7 42.
Be8+ Kc7 43. Rg7 Nc6 44. Bxc6 bxc6 45. Rxe7+ Kc8 46. Rxa7 Rxa7 47. Rb6 Kc7 48. Kf3 1-0

[Event "*** SCC Grand Prix: Titled Tuesday Blitz"]
[Site "Chess.com"]
[Date "2020.07.07"]
[Round "1"]
[White "shnitez"]
[Black "gumimis"]
[Result "1/2-1/2"]
[WhiteElo "2517"]
[BlackElo "2154"]
[TimeControl "180+1"]
[EndTime "10:07:39 PDT"]
[Termination "Game drawn by repetition"]

1. d4 Nf6 2. c4 c5 3. d5 b5 4. Nf3 bxc4 5. Nc3 d6 6. e4 g6 7. Bxc4 Bg7 8. h3 O-O 9. O-O Ba6 10. Qd3 Bxc4 11. Qxc4 Nbd7 12. Re1 Nb6 13. Qe2 Ne8 14. Bg5 Nc7 15. Rad1 f6 16. Bc1 Qd7 17. Qc2 Rfb8 18. Ne2 Qa4 19. b3 Qa6 20. Nd2 Nb5 21. Bb2 Rc8 22. Nc4 Rab8 23. Nf4 Nxc4 24. bxc4 Na3 25. Bxa3 Qxa3 26. Rb1 Bh6 27. Ne6 a5 28. h4 Rb4 29. Rxb4 axb4 30. Re2 Rb8 31. h5 b3 32. axb3 Qxb3 33. hxg6 hxg6 34. Qxb3 Rxb3 35. Rc2 Rb1+ 36. Kh2 Kf7 37. f3 f5 38. Kg3 Be3 39. exf5 gxf5 40.
f4 Rf1 41. Re2 Bc1 42. Ra2 Rd1 43. Ra8 Rd3+ 44. Kh4 Bb2 45. Kh5 Bg7 46. Ng5+ Kf6 47.
Nh7+ Kf7 48. Ng5+ Kf6 49. Nh7+ Kf7 50. Ng5+ 1/2-1/2

[Event "*** SCC Grand Prix: Titled Tuesday Blitz"]
[Site "Chess.com"]
[Date "2020.07.07"]
[Round "1"]
[White "Shubinkirill2003"]
[Black "jonychess03"]
[Result "0-1"]
[WhiteElo "2609"]
[BlackElo "2317"]
[TimeControl "180+1"]
[EndTime "10:07:40 PDT"]
[Termination "jonychess03 won by resignation"]

1. e4 e6 2. d4 d5 3. Nc3 Bb4 4. e5 c5 5. a3 cxd4 6. axb4 dxc3 7. bxc3 Ne7 8. Nf3 Qc7 9. Bd3 Nd7 10. O-O Nxe5 11.
Bf4 Nxf3+ 12. Qxf3 Qd8 13. Rfe1 O-O 14. Qh5 Ng6 15. Re3 f5 16. Bg5 Qe8 17. Rh3 h6 18.
Bxh6 gxh6 19. Qxh6 Kf7 20. Rg3 Rg8 21. Be2 Qf8 22.
Qd2 Kf6 23. Qg5+ Kf7 24. Bh5 Qg7 25. Re1 Qf6 26. Qh6 Rg7 27. h4 Bd7 28. c4 dxc4 29.
Qd2 Bc6 30. Bf3 Rd8 31. Qe3 f4 32. Qxa7 fxg3 33. fxg3 Qd4+ 34. Qxd4 Rxd4 35. Rf1 Bxf3 36. Rxf3+ Ke7 37. c3 Rd5 38. Rf1 Ne5 39. Kh2 Nd3 40. Kh3 Rf7 41. Ra1 Kd6 42. Ra7 Ke5 43. Rxb7 Rxb7 44. h5 Rxb4 0-1

[Event "*** SCC Grand Prix: Titled Tuesday Blitz"]
[Site "Chess.com"]
[Date "2020.07.07"]
[Round "1"]
[White "crazychessbr"]
[Black "Azatic"]
[Result "0-1"]
[WhiteElo "2079"]
[BlackElo "2501"]
[TimeControl "180+1"]
[EndTime "10:07:40 PDT"]
[Termination "Azatic won by resignation"]

1. e4 c5 2. d3 Nc6 3. g3 g6 4.
Bg2 Bg7 5. f4 d6 6. Nf3 e6 7.
O-O Nge7 8. c3 Qb6 9. Na3 O-O 10. h3 a6 11. Nc2 Qc7 12. Be3 b5 13. d4 cxd4 14.
cxd4 Bb7 15. Bf2 Rac8 16. Rc1 Na5 17. Qe2 Qc4 18. Qxc4 Nxc4 19. b3 Nb2 20. Nfe1 Rc3 21. Be3 Nd3 22. Nxd3 Rxd3 23. Rfd1 Rxd1+ 24. Rxd1 Rc8 25. Nb4 a5 26. Nd3 Rc3 27. e5 Bxg2 28. Kxg2 dxe5 29.
dxe5 Nd5 30. Bd4 Rc2+ 31. Kf3 h5 32. a3 Ra2 33. Bc5 Bf8 34. b4 axb4 35. Nxb4 Rxa3+ 36. Kg2 Bxc5 37. Nxd5 Ra2+ 38. Kh1 exd5 39. Rxd5 Rc2 40. g4 hxg4 41. f5 gxf5 42. hxg4 fxg4 0-1

[Event "*** SCC Grand Prix: Titled Tuesday Blitz"]
[Site "Chess.com"]
[Date "2020.07.07"]
[Round "1"]
[White "VishnuPrasanna"]
[Black "SaqoChess_Twitch"]
[Result "0-1"]
[WhiteElo "2738"]
[BlackElo "2418"]
[TimeControl "180+1"]
[EndTime "10:07:41 PDT"]
[Termination "SaqoChess_Twitch won by resignation"]

1. d4 d5 2. c4 e6 3. Nf3 Nf6 4. Nc3 Be7 5. Bf4 c5 6. dxc5 Na6 7. cxd5 exd5 8. e3 Nxc5 9. Bb5+ Bd7 10. Bxd7+ Qxd7 11. O-O O-O 12. Rc1 a6 13. Be5 Rac8 14. Qe2 Rfd8 15.
Rfd1 Nce4 16. Bd4 Nxc3 17. Bxc3 Ne4 18. Bd4 Bf6 19. Bxf6 Nxf6 20. Nd4 Rxc1 21. Rxc1 Rc8 22. Rxc8+ Qxc8 23. f3 Qc4 24. b3 Qxe2 25. Nxe2 Kf8 26.
Kf2 Ke7 27. Ke1 Kd6 28. Kd2 Kc5 29. Kc3 Nd7 30. Nd4 g6 31. b4+ Kd6 32. Nb3 b6 33. Kd4 Ne5 34. Nd2 Nc6+ 35. Kc3 Ke5 36. a3 Kd6 37.
Kd3 Ne5+ 38. Kd4 Nc6+ 39. Kc3 h5 40. h3 Ne7 41. e4 b5 42. Kd4 Nc6+ 43. Ke3 Ne7 44. f4 dxe4 45. Nxe4+ Kc6 46. g4 hxg4 47. hxg4 Kd5 48. Kd3 f5 49. Nc3+ Kd6 50. g5 Nd5 51. Ne2 Nc7 52. Ke3 Kd5 53. Nd4 Kc4 54. Nc6 Nd5+ 55. Kf3 Kb3 56. Nb8 Kxa3 57. Nxa6 Kb3 58. Kg3 Nxb4 59. Nc7 Kc4 60. Ne8 Nd5 61. Nd6+ Kc5 62.
Nb7+ Kd4 63. Na5 b4 64. Kh4 Kc3 65. Nc6 b3 66. Ne5 b2 67. Nxg6 b1=Q 68. Kh5 Qh1+ 69. Nh4 Nxf4+ 0-1

[Event "*** SCC Grand Prix: Titled Tuesday Blitz"]
[Site "Chess.com"]
[Date "2020.07.07"]
[Round "1"]
[White "Belka1989"]
[Black "aliba25"]
[Result "0-1"]
[WhiteElo "2281"]
[BlackElo "2611"]
[TimeControl "180+1"]
[EndTime "10:07:41 PDT"]
[Termination "aliba25 won by checkmate"]

1. d4 Nf6 2. Nf3 d5 3. Bf4 Bf5 4. e3 e6 5. c4 Bd6 6. Bg3 Bxg3 7.
hxg3 c6 8. Qb3 Qb6 9. c5 Qc7 10. Nc3 O-O 11. Qd1 Nbd7 12. Bd3 Bxd3 13. Qxd3 e5 14. Qc2 Rfe8 15. O-O exd4 16. exd4 Nf8 17. Rfe1 Re6 18. Rxe6 Nxe6 19. b4 b6 20. cxb6 axb6 21. Rc1 Qa7 22. a4 g6 23. Ne2 Qxa4 24. Qxc6 Qxc6 25.
Rxc6 Ra1+ 26. Rc1 Ra2 27. Nc3 Rb2 28. Rb1 Rc2 29. Na4 b5 30. Nc5 Rc4 31. Nxe6 fxe6 32. Kf1 Ne4 33. Rb2 Kg7 34. Ke2 Kf6 35. g4 h6 36. Nd2 Rxd4 37. Nxe4+ Rxe4+ 38. Kd3 Rxg4 39. f3 Rc4 40. Rb1 h5 41. g3 e5 42. Kd2 Kf5 43.
Kd3 e4+ 44. fxe4+ dxe4+ 45. Kd2 Kg4 46. Rf1 Rxb4 47. Rf4+ Kxg3 48. Rf6 g5 49. Ke3 g4 50. Rf8 h4 51. Rf1 h3 52. Re1 h2 53. Rd1 Kh3 54.
Rh1 g3 55. Re1 g2 56. Ke2 g1=Q 57. Rxg1 hxg1=Q 58. Kd2 Qd4+ 59. Ke2 Rb2+ 60. Ke1 Qf2+ 61. Kd1 Rb1# 0-1

[Event "*** SCC Grand Prix: Titled Tuesday Blitz"]
[Site "Chess.com"]
[Date "2020.07.07"]
[Round "1"]
[White "sotochess"]
[Black "FabianoCaruana"]
[Result "0-1"]
[WhiteElo "2454"]
[BlackElo "2969"]
[TimeControl "180+1"]
[EndTime "10:07:42 PDT"]
[Termination "FabianoCaruana won by resignation"]

1. e4 e5 2. Nf3 Nc6 3. Bc4 Bc5 4.
b4 Bb6 5. b5 Na5 6. Be2 Nf6 7.
d3 d5 8. exd5 Qxd5 9. O-O O-O 10. Nc3 Qd6 11. Bg5 h6 12. Bxf6 Qxf6 13. Nd5 Qd6 14. c4 Bc5 15. Qd2 b6 16. Rad1 Bb7 17. Nc3 Rad8 18. Qc2 f5 19. Nd2 Kh8 20. Kh1 Bd4 21. Nf3 c5 22. bxc6 Nxc6 23. Nb5 Qg6 24. Qa4 Bc5 25. Nh4 Qf6 26. Nf3 e4 27. dxe4 fxe4 28.
Nd2 Ne5 29. Qxa7 Bc6 30. Nb3 Ra8 31. Qc7 Rf7 32. Nxc5 Rxc7 33. Nxc7 Rxa2 34. N5e6 Nd3 35. Bxd3 exd3 36. f3 d2 37. Rf2 Ba4 38. Rg1 d1=Q 39. Rxa2 Qb3 40. Rd2 Qxc4 41. Rd8+ Qxd8 42. Nxd8 Qxc7 43.
Ne6 Qc4 44. Nf8 Bc2 45. Nd7 Qd4 46. Nb8 b5 47. Nc6 Qc3 48. Ne7 b4 49. Nd5 Qd4 50. Ne7 b3 51. Ng6+ Bxg6 0-1

[Event "*** SCC Grand Prix: Titled Tuesday Blitz"]
[Site "Chess.com"]
[Date "2020.07.07"]
[Round "1"]
[White "hanzo_hasashi1"]
[Black "albano87"]
[Result "1-0"]
[WhiteElo "2829"]
[BlackElo "2428"]
[TimeControl "180+1"]
[EndTime "10:07:43 PDT"]
[Termination "hanzo_hasashi1 won on time"]

1. c4 e6 2. d4 d5 3. Nc3 Nf6 4. cxd5 exd5 5. Bg5 Nbd7 6. e3 Be7 7. Bd3 O-O 8. Nge2 c6 9. O-O Re8 10. f3 Nf8 11.
Bh4 Ng6 12. Bf2 c5 13. Qd2 a6 14. a4 c4 15. Bc2 Rb8 16. Bg3 Ra8 17. Kh1 Bb4 18.
Qc1 h5 19. Bf2 h4 20. Bxg6 fxg6 21. Bxh4 Bf5 22. e4 dxe4 23. fxe4 Bxe4 24. Nxe4 Rxe4 25. Bxf6 gxf6 26. Qxc4+ Kg7 27. Qxb4 Rxe2 28. Rae1 Rxe1 29.
Rxe1 Qd5 30. Re7+ Kh6 31. Qd2+ Qg5 32. Qxg5+ Kxg5 33. Rxb7 Rc8 34. h3 Rc4 35. b4 Rxd4 36.
Rb6 a5 37. bxa5 1-0

[Event "*** SCC Grand Prix: Titled Tuesday Blitz"]
[Site "Chess.com"]
[Date "2020.07.07"]
[Round "1"]
[White "1f3_2g41-0"]
[Black "Chernobay_Artem"]
[Result "0-1"]
[WhiteElo "2264"]
[BlackElo "2595"]
[TimeControl "180+1"]
[EndTime "10:07:43 PDT"]
[Termination "Chernobay_Artem won on time"]

1. e4 c5 2. Nf3 d6 3. d4 cxd4 4.
Nxd4 Nf6 5. Nc3 a6 6. h3 e5 7. Nde2 h5 8. g3 Be6 9. Bg2 Nbd7 10. a4 Be7 11. O-O Rc8 12. Be3 O-O 13. b3 h4 14. g4 Nh7 15. Nd5 Bxd5 16. exd5 Bg5 17. Bxg5 Nxg5 18. Qd3 e4 19. Qd2 Qf6 20. Kh1 Nf3 21.
Qe3 Rfe8 22. c4 Nc5 23. Nf4 Nxb3 24. Nh5 Qe5 25. Bxf3 Nxa1 26. Bg2 Nc2 27. Qb3 Nd4 28. Qxb7 g6 29. Rg1 gxh5 30. gxh5 Kh8 31. Qxf7 Rg8 32.
h6 Rcf8 33. Qd7 Rxf2 34. h7 Rg7 35. Qd8+ Kxh7 36. Qxh4+ Kg8 37. Qxf2 e3 38. Qh4 e2 39. Qd8+ Kh7 40. Qh4+ Kg8 41. Qd8+ Kf7 42. Qh4 Qg5 43.
Qxd4 e1=Q 44. Qa7+ Kg8 45. Qb8+ Kh7 0-1

[Event "*** SCC Grand Prix: Titled Tuesday Blitz"]
[Site "Chess.com"]
[Date "2020.07.07"]
[Round "1"]
[White "monalize"]
[Black "stefan_95"]
[Result "0-1"]
[WhiteElo "2246"]
[BlackElo "2583"]
[TimeControl "180+1"]
[EndTime "10:07:44 PDT"]
[Termination "stefan_95 won by resignation"]

1. e4 c5 2. Nf3 d6 3. d4 cxd4 4. Qxd4 a6 5. Be2 Nc6 6. Qe3 Nf6 7. h3 g6 8. O-O Bg7 9. Rd1 O-O 10. c4 Nd7 11. Nc3 Nc5 12. Rb1 a5 13. Nd5 f5 14.
exf5 Bxf5 15. Ra1 e5 16. Bf1 e4 17. Ne1 Qh4 18. Nc3 Be5 19. Qg5 Qxg5 20. Bxg5 Kg7 21. Rac1 Be6 22. b3 Bd4 23. Be3 Bxe3 24. fxe3 Rad8 25.
Nb5 Nb4 26. Rxd6 Rxd6 27. Nxd6 Nxa2 28. Ra1 Nc3 29. Rxa5 b6 30. Ra7+ Kg8 31. b4 Nb3 32. Nc2 Nd2 33. Nd4 Rxf1+ 34. Kh2 Bxc4 35. Nxc4 Nxc4 36.
Rc7 b5 37. Nxb5 Nxb5 38. Rxc4 Nd6 39. Rd4 Rf6 40. b5 Nxb5 41. Rxe4 Nd6 42. Re5 Kf7 43. h4 Re6 44. Rd5 Nf5 45. h5 Nxe3 46. hxg6+ hxg6 47. Ra5 Nf5 48. Rb5 Re2 49. Kh3 Kf6 50. Rb6+ Kg5 51.
Rb5 Re3+ 52. Kh2 Rd3 53. Ra5 Kg4 54. Ra4+ Rd4 55. Ra6 g5 56. Ra4 Rxa4 0-1

[Event "*** SCC Grand Prix: Titled Tuesday Blitz"]
[Site "Chess.com"]
[Date "2020.07.07"]
[Round "1"]
[White "AndrewDGreen"]
[Black "QuintilianoR"]
[Result "0-1"]
[WhiteElo "2337"]
[BlackElo "2660"]
[TimeControl "180+1"]
[EndTime "10:07:47 PDT"]
[Termination "QuintilianoR won by resignation"]

1. e4 c5 2. Nf3 d6 3. Bb5+ Nd7 4. c3 Nf6 5. Qe2 a6 6. Ba4 b5 7. Bc2 Bb7 8. d4 e6 9. O-O Be7 10. Re1 Qc7 11. a4 cxd4 12. cxd4 O-O 13. axb5 axb5 14.
Rxa8 Bxa8 15. Nc3 b4 16. Nb5 Qa5 17. Bd3 Nxe4 18. Bxe4 Bxe4 19. Qxe4 Qxb5 20. d5 Nf6 21. Qh4 Nxd5 22. Qh5 Qd3 23. Bg5 Bxg5 24. Nxg5 Nf6 25.
Qh4 b3 26. h3 Qd2 27. Re3 Qxb2 28. Rg3 Rc8 29. Nf3 h6 30. Kh2 Kf8 31. Qb4 Rd8 32. Qb6 Rd7 33. Qb8+ Ne8 34. Qc8 Rc7 35. Qd8 Qf6 36.
Qb8 b2 37. Rg4 Rc1 38. Rb4 b1=Q 39. Rxb1 Qf4+ 40. g3 Rxb1 41. Qxb1 Qxf3 42. Qc2 e5 43. Kg1 e4 44. h4 Qd3 45. Qb2 d5 46. Qb4+ Kg8 47.
Qe7 Qd1+ 48. Kh2 Qa4 49. Qe5 Qc6 50. g4 Qd6 0-1

[Event "*** SCC Grand Prix: Titled Tuesday Blitz"]
[Site "Chess.com"]
[Date "2020.07.07"]
[Round "1"]
[White "Karina_Ivanova"]
[Black "MartinCerveny"]
[Result "1-0"]
[WhiteElo "2222"]
[BlackElo "2544"]
[TimeControl "180+1"]
[EndTime "10:07:47 PDT"]
[Termination "Karina_Ivanova won on time"]

1. d4 d5 2. Nf3 Nf6 3. c4 c6 4.
Nbd2 g6 5. g3 Bg7 6. Bg2 O-O 7.
O-O Na6 8. b3 Bf5 9. Bb2 Nc7 10.
Nh4 a5 11. Nxf5 gxf5 12. a4 e6 13. e3 Ne4 14. Qe2 Na6 15. Rfd1 Nb4 16. f3 Nxd2 17.
Qxd2 Re8 18. e4 fxe4 19. fxe4 Qf6 20. e5 Qg6 21. Bc3 Bf8 22. Rf1 Be7 23. Rf2 Rf8 24.
Raf1 Rad8 25. c5 b6 26. Bxb4 axb4 27. Qxb4 bxc5 28. dxc5 Rb8 29. Qc3 Qg4 30. Rf4 Qe2 31.
b4 Bg5 32. Bf3 Qa2 33. Rg4 h6 34. h4 f5 35. exf6 d4 36. Qxd4 Rbd8 37. Qe5 Rd2 38. hxg5 h5 39. Rh4 Kf7 40. Bxh5+ Kg8 41. f7+ Rxf7 42.
Bxf7+ Kf8 43. Bxe6+ 1-0

[Event "*** SCC Grand Prix: Titled Tuesday Blitz"]
[Site "Chess.com"]
[Date "2020.07.07"]
[Round "1"]
[White "queen_iryna"]
[Black "ZAbdumalik"]
[Result "1/2-1/2"]
[WhiteElo "2261"]
[BlackElo "2581"]
[TimeControl "180+1"]
[EndTime "10:07:48 PDT"]
[Termination "Game drawn by agreement"]

1. d4 Nf6 2. Bg5 d5 3. Nc3 g6 4. Qd2 Bg7 5. Bh6 Bxh6 6. Qxh6 Bf5 7. O-O-O Nc6 8. a3 Qd7 9. h3 O-O-O 10. g4 Be6 11.
Bg2 Na5 12. Nf3 Qd6 13. Ne5 c5 14. e3 Kb8 15. Qf4 a6 16. dxc5 Qc7 17. c6 Nxc6 18.
Nxc6+ bxc6 19. Qb4+ Ka8 20. Na4 Rb8 21. Qc3 Nd7 22.
e4 Qb7 23. b3 Rhc8 24. Rhe1 Qb5 25. Bf1 Qb7 26. Nc5 Nxc5 27. Qxc5 Qa7 28. Qxa7+ Kxa7 29. Bg2 Rd8 30. Rd2 d4 31. Red1 c5 32. f4 f5 33. exf5 gxf5 34. g5 Rd7 35. Re1 Bf7 36. Rde2 e6 37. Re5 Kb6 38. Kb2 Rc8 39. Bf1 Rd6 40.
Bc4 Rcc6 41. R1e2 Kc7 42. Re1 Kd7 43. R1e2 Bh5 44. Re1 Bg6 45. R1e2 Ke7 46. Re1 Kd7 47. R1e2 Be8 48. Re1 Bh5 49. h4 Bg6 50. R1e2 Bh5 51.
Re1 Bf7 52. R1e2 Bg6 53. Re1 1/2-1/2

[Event "*** SCC Grand Prix: Titled Tuesday Blitz"]
[Site "Chess.com"]
[Date "2020.07.07"]
[Round "1"]
[White "sertalzin"]
[Black "hermionegrangermagic"]
[Result "1-0"]
[WhiteElo "2026"]
[BlackElo "2470"]
[TimeControl "180+1"]
[EndTime "10:07:48 PDT"]
[Termination "sertalzin won by resignation"]

1. d4 Nf6 2. c4 e6 3. Nc3 d5 4. cxd5 exd5 5. Bg5 Be7 6. e3 O-O 7. Bd3 h6 8. Bh4 c6 9. Qc2 Re8 10. Nf3 Nbd7 11. O-O Nf8 12. Rab1 a5 13. a3 N6h7 14.
Bxe7 Qxe7 15. b4 axb4 16. axb4 Ng5 17. Ne5 f6 18. Ng6 Nxg6 19. Bxg6 Rf8 20. b5 f5 21. bxc6 bxc6 22. Na4 Nf3+ 23. gxf3 Qg5+ 24. Kh1 Qxg6 25. Nb6 Qh5 26. Qd1 Ra2 27. Nxc8 Rxc8 28. f4 Qxd1 29. Rbxd1 Rb8 30. Rc1 Rb6 31. Kg1 Kf7 32.
Rc5 Ke6 33. Rfc1 Kd6 34. R5c2 Ra3 35. Rc3 Ra7 36. Rc5 g5 37. fxg5 hxg5 38. Kg2 g4 39. h3 Rg7 40. hxg4 Rxg4+ 41. Kf3 Rg6 42. Rh1 Rb7 43.
Rh8 Re7 44. Rd8+ Kc7 45. Rf8 Rg5 46. Rf6 Kd7 47. Rfxc6 Rh7 48. Rc7+ Kd6 49. Rxh7 Rg1 50. Rh6+ Kd7 51. Ra5 Rc1 52. Ra7+ 1-0

[Event "*** SCC Grand Prix: Titled Tuesday Blitz"]
[Site "Chess.com"]
[Date "2020.07.07"]
[Round "1"]
[White "Dr-Bassem"]
[Black "londonkid"]
[Result "1-0"]
[WhiteElo "2801"]
[BlackElo "2417"]
[TimeControl "180+1"]
[EndTime "10:07:49 PDT"]
[Termination "Dr-Bassem won by checkmate"]

1. e4 e6 2. d3 d5 3. Nd2 Nf6 4. Ngf3 c5 5. g3 Nc6 6. Bg2 Be7 7. O-O Qc7 8. Re1 b6 9. Qe2 Bb7 10. a3 a5 11. a4 h6 12. c3 O-O 13. e5 Nd7 14.
Nb1 Rfd8 15. Na3 Nf8 16. Nb5 Qd7 17. h4 Na7 18. Nxa7 Rxa7 19. Nh2 d4 20. c4 Bxg2 21.
Kxg2 Qc6+ 22. Kh3 Ng6 23. h5 Nf8 24. Qg4 Kh8 25. Qe4 Qxe4 26. Rxe4 Nd7 27. g4 Rf8 28. f4 Raa8 29. Bd2 Rae8 30. Rae1 Nb8 31. f5 Bg5 32. Bxg5 hxg5 33. Nf3 Nc6 34. Nxg5 Nb4 35. Rd1 Nc2 36. Rf1 Ne3 37. Rf3 Nd1 38. b3 Nc3 39. Re1 exf5 40.
gxf5 f6 41. Ne6 Rf7 42. Kg4 fxe5 43. Rxe5 Nd1 44. Ng5 Rfe7 45. Rxe7 Rxe7 46. f6 gxf6 47.
Rxf6 Ne3+ 48. Kf3 Kg7 49. Rg6+ Kh8 50. Rxb6 Nc2 51. h6 Re3+ 52. Kg4 Rxd3 53. Rb8# 1-0

[Event "*** SCC Grand Prix: Titled Tuesday Blitz"]
[Site "Chess.com"]
[Date "2020.07.07"]
[Round "1"]
[White "Omk124"]
[Black "bascheyaro"]
[Result "0-1"]
[WhiteElo "2373"]
[BlackElo "2691"]
[TimeControl "180+1"]
[EndTime "10:07:51 PDT"]
[Termination "bascheyaro won by checkmate"]

1. e4 e6 2. d4 d5 3. Nd2 c5 4. exd5 exd5 5. Ngf3 Nc6 6. Bb5 c4 7. O-O Bd6 8. b3 cxb3 9. axb3 Ne7 10. Bb2 O-O 11. c4 a6 12. Bxc6 Nxc6 13. cxd5 Nb4 14. Nc4 Bg4 15. h3 Bh5 16. Ba3 a5 17. Re1 b5 18.
Nxd6 Qxd6 19. Re5 Bg6 20. Qd2 f6 21. Re3 Bf7 22. Rc3 Bxd5 23. Rac1 Rae8 24. Qd1 Qf4 25. Bxb4 axb4 26. Rc5 Bxf3 27. Qxf3 Qxd4 28. Rxb5 Re5 29. Rxe5 fxe5 30. Qe2 Kh8 31. Rc4 Qa1+ 32. Kh2 Qa5 33. Qf3 Qd8 34. Qe3 Qd6 35. Re4 h6 36. g3 Rf5 37. Qe1 Qc5 38. Kg2 Kg8 39. Rxb4 Rxf2+ 40. Qxf2 Qxb4 41. Qe3 Qb7+ 42. Kh2 Qd5 43. h4 e4 44.
Kg2 Kf7 45. Kf2 g5 46. hxg5 hxg5 47. Qa7+ Kg6 48. Qa6+ Kh5 49. Qe2+ g4 50. Ke3 Qxb3+ 51. Kxe4 Qxg3 52. Qb5+ Kh4 53. Qf5 Qg2+ 54. Ke3 Qg1+ 55. Ke2 Qd4 56. Kf1 Kg3 57. Qc2 Qe3 58. Qg2+ Kh4 59.
Qf2+ Qxf2+ 60. Kxf2 Kh3 61. Kg1 Kg3 62. Kh1 Kf2 63.
Kh2 g3+ 64. Kh1 g2+ 65. Kh2 g1=Q+ 66. Kh3 Qg3# 0-1

[Event "*** SCC Grand Prix: Titled Tuesday Blitz"]
[Site "Chess.com"]
[Date "2020.07.07"]
[Round "1"]
[White "awesomevishesh"]
[Black "Reader777"]
[Result "1-0"]
[WhiteElo "2380"]
[BlackElo "2666"]
[TimeControl "180+1"]
[EndTime "10:07:53 PDT"]
[Termination "awesomevishesh won by resignation"]

1. d4 Nf6 2. c4 c5 3. d5 e6 4. Nc3 exd5 5. cxd5 d6 6. Nf3 g6 7. g3 Bg7 8. Bg2 O-O 9. O-O Re8 10.
Re1 Nbd7 11. h3 a6 12. a4 Ne4 13. Nxe4 Rxe4 14. Nd2 Re8 15. Qc2 Rb8 16. a5 b5 17.
axb6 Nxb6 18. Nb3 Bb7 19. Rd1 Qe7 20. e4 Bc8 21. Na5 Bd7 22. Be3 Na4 23. Nc6 Bxc6 24. dxc6 Nxb2 25. Rdb1 Qe6 26. Rxa6 Nc4 27. Bf4 Rxb1+ 28.
Qxb1 Be5 29. Bc1 Bd4 30. Qb7 Qf6 31. Ra2 Ne5 32. c7 Qe6 33. Ra8 Bxf2+ 34. Kxf2 Nd3+ 35. Kg1 Kg7 36. Rxe8 Qf6 37. c8=Q Qf2+ 38. Kh2 Ne1 39. Rg8+ Kf6 40. e5+ Kxe5 41. Qe8+ Kd4 42. Qexf7 Nf3+ 43. Qbxf3 Qg1+ 44. Kxg1 1-0

[Event "*** SCC Grand Prix: Titled Tuesday Blitz"]
[Site "Chess.com"]
[Date "2020.07.07"]
[Round "1"]
[White "maciek_92"]
[Black "Danfii"]
[Result "1-0"]
[WhiteElo "2678"]
[BlackElo "2358"]
[TimeControl "180+1"]
[EndTime "10:07:54 PDT"]
[Termination "maciek_92 won on time"]

1. c4 e5 2. g3 Nf6 3. Nc3 d5 4. cxd5 Nxd5 5. Bg2 Nb6 6. e3 Nc6 7. Nge2 Be7 8. O-O O-O 9. f4 exf4 10. Nxf4 Re8 11. b3 Bf8 12. Bb2 Ne5 13. Qc2 g6 14. Nfd5 Bg7 15. a4 c6 16. Nf4 a5 17. h3 Ned7 18.
Rae1 Nc5 19. d4 Ne6 20. Nd3 Ng5 21. Kh2 h5 22. h4 Nh7 23. Ne4 Bf5 24. Rxf5 gxf5 25.
Nec5 Qc7 26. Nf4 Nf6 27. Qxf5 Ng4+ 28. Kg1 Rxe3 29. Rxe3 Nxe3 30. Qxh5 Nxg2 31. Kxg2 Re8 32. Qg4 Nd5 33. Nxd5 cxd5 34. Bc1 b6 35. Bh6 f5 36. Qg6 bxc5 37. Qxe8+ Kh7 38. Bxg7 Kxg7 39. h5 cxd4 40. Qg6+ Kh8 41. Qxf5 Qc3 42. Qf6+ Kh7 43. Qg6+ Kh8 44. Qf6+ Kh7 45. Kh3 Qd2 46. Qg6+ Kh8 47. h6 1-0

[Event "*** SCC Grand Prix: Titled Tuesday Blitz"]
[Site "Chess.com"]
[Date "2020.07.07"]
[Round "1"]
[White "andriipalchuk"]
[Black "Alexander_Moskalenko"]
[Result "1-0"]
[WhiteElo "2437"]
[BlackElo "2788"]
[TimeControl "180+1"]
[EndTime "10:07:55 PDT"]
[Termination "andriipalchuk won on time"]

1. e4 c5 2. Nf3 d6 3. c3 Nf6 4. h3 Bd7 5. Bd3 Bc6 6. Qe2 g6 7.
O-O Bg7 8. Bc2 O-O 9. d3 b5 10. Nbd2 Nbd7 11. Re1 e5 12. Nf1 a6 13. Bg5 h6 14. Bh4 Re8 15. Ne3 Qc7 16. Rad1 Nh5 17. Qf1 Nf4 18. g3 Nh5 19. g4 Nf4 20. Bg3 Nf6 21.
Kh2 Rab8 22. Ng2 Nxg2 23. Kxg2 Re7 24. Kh2 d5 25. exd5 Nxd5 26. Bb3 Nxc3 27. bxc3 Bxf3 28.
Rc1 Rbe8 29. Re3 Bb7 30. Rce1 Kh7 31. d4 Ba8 32. f3 b4 33. Qxa6 bxc3 34. Rxc3 Qd8 35. Rxc5 Qxd4 36. Rc2 Bxf3 37. Qc4 Qxc4 38. Rxc4 e4 39. Bd6 Ra7 40. Ra4 Rea8 41. Rxa7 Rxa7 42.
Bc5 Rc7 43. Bb6 Rd7 44. a4 Be5+ 45. Kg1 f5 46. gxf5 gxf5 47. Be6 Rg7+ 48. Kf1 f4 49. Bf5+ Kh8 50. Bxe4 1-0

[Event "*** SCC Grand Prix: Titled Tuesday Blitz"]
[Site "Chess.com"]
[Date "2020.07.07"]
[Round "1"]
[White "Ural_bogatyr"]
[Black "Aygehovit1992"]
[Result "1-0"]
[WhiteElo "2340"]
[BlackElo "2633"]
[TimeControl "180+1"]
[EndTime "10:07:55 PDT"]
[Termination "Ural_bogatyr won on time"]

1. e4 c5 2. Nf3 d6 3. d4 cxd4 4.
Qxd4 Nf6 5. Nc3 Nc6 6. Bb5 Bd7 7. Bxc6 Bxc6 8. Bg5 h6 9. Bxf6 gxf6 10. O-O-O Qb6 11.
Qxb6 axb6 12. Kb1 Rg8 13. Rhg1 Rg4 14. Nd4 Kd7 15. f3 Rg5 16. Nf5 e6 17. h4 Rg8 18. Nd4 Be7 19. Rd2 Ra5 20. b4 Ra3 21. Ndb5 Bxb5 22. Nxb5 Ra4 23. c3 Rc8 24. Rgd1 Rc6 25.
Kb2 Ra8 26. Nd4 Rcc8 27. Nb5 Rc6 28. Nd4 Rc4 29. Nb5 d5 30. exd5 e5 31. d6 Bd8 32.
g3 Rc6 33. Kb3 f5 34. a4 f4 35. gxf4 exf4 36. Rh1 Bf6 37. Rd5 Re8 38. Rf5 Re6 39. Rxf4 Rc8 40. h5 Rg8 41. Rd1 Rg5 42. Rc4 Bd8 43.
Rc7+ Bxc7 44. dxc7+ 1-0